 Dungeon Crawl Stone Soup version 0.20-a0-493-g19c8d8d (webtiles) character file.

1419 tsouns the Insei (level 8, -6/54 HPs)
             Began as an Octopode Transmuter on Jan 16, 2017.
             Was an Initiate of Gozag.
             Shot with an arrow by a centaur (16 damage)
             ... on level 6 of the Dungeon.
             The game lasted 00:19:16 (6298 turns).

tsouns the Insei (Octopode Transmuter)              Turns: 6298, Time: 00:19:18

Health: -6/54      AC:  2    Str: 14    XL:     8   Next: 71%
Magic:  10/15      EV: 25    Int: 17    God:    Gozag
Gold:   902        SH:  0    Dex: 22    Spells: 1/16 levels left

rFire    . . .     SeeInvis .     - Unarmed
rCold    . . .     Gourm    .   (shield currently unavailable)
rNeg     . . .     Faith    .   (helmet currently unavailable)
rPois    x         Spirit   .   (no amulet)
rElec    .         Reflect  .   e - +4 ring of strength
rCorr    .         Harm     .   (no ring)
MR       .....                  (no ring)
Stlth    +++.......             (no ring)
Regen    0.2/turn               (no ring)
                                (no ring)
                                (no ring)
                                (no ring)

@: agile, spider-form, gold aura
A: almost no armour, stealthy swim, (amphibious), 8 rings, (constrict 8),
(camouflage 0), (gelatinous body 0)
a: End Transformation, Potion Petition, Call Merchant, Bribe Branch, Renounce
Religion


You were on level 6 of the Dungeon.
You worshipped Gozag.
Gozag was pleased with you.
You were not hungry.
You were a venomous arachnid creature.
You visited 1 branch of the dungeon, and saw 6 of its levels.
You also visited: Sewer.

You collected 938 gold pieces.
You paid 36 gold pieces to Gozag.

Inventory:

Hand Weapons
 n - a +0 blowgun
Missiles
 a - 97 arrows
 f - 134 stones (quivered)
 o - 3 poisoned needles
 q - 5 tomahawks
Armour
 i - a +1 buckler (melded)
Jewellery
 e - a +4 ring of strength (left front leg)
Wands
 s - a wand of flame (41/48)
 v - a wand of confusion (40/48)
Scrolls
 k - a scroll of remove curse
 l - 2 scrolls of magic mapping
Potions
 h - 2 potions of degeneration {unknown}
 j - 5 potions of flight {unknown}
 p - 2 potions of heal wounds {unknown}
 r - 3 potions of curing {unknown}
 t - a potion of might {unknown}
 u - a potion of invisibility {unknown}
Books
 b - a book of Changes

   Spells                             Type                      Level
   a - Beastly Appendage              Transmutation                1
   b - Sticks to Snakes               Transmutation                2
   c - Spider Form                    Transmutation/Poison         3
   d - Ice Form                       Ice/Transmutation            4
   e - Blade Hands                    Transmutation                5
Miscellaneous
 m - a fan of gales
Comestibles
 c - 3 bread rations
 g - 3 meat rations


   Skills:
 + Level 3.9 Fighting
 - Level 2.0 Dodging
 - Level 4.1 Shields
 + Level 6.3 Unarmed Combat
 - Level 4.7 Spellcasting
 + Level 4.6 Transmutations
 + Level 0.6 Ice Magic
 + Level 0.8 Poison Magic


You had one spell level left.
You knew the following spells:

 Your Spells              Type           Power        Failure   Level  Hunger
a - Beastly Appendage     Tmut           ###...       10%         1    None
b - Sticks to Snakes      Tmut           ###.....     12%         2    #......
c - Spider Form           Tmut/Pois      ##........   36%         3    ###....
d - Ice Form              Ice/Tmut       ##......     78%         4    ####...
e - Blade Hands           Tmut           ###.......   87%         5    ######.


Dungeon Overview and Level Annotations

Branches:
Dungeon (6/15)             Temple (0/1) D:6

Altars:
Ashenzari
Gozag
Uskayaw

Annotations:
D:4 4 runed doors


Innate Abilities, Weirdness & Mutations

You cannot wear most types of armour.
You are very stealthy in the water. (Stealth+)
((You are amphibious.))
You can wear up to eight rings at the same time.
((You can use your tentacles to constrict eight enemies at once.))
((Your skin changes colour to match your surroundings (Stealth+).))
((Your rubbery body absorbs attacks. (AC +1, EV +1)))


Message History

You hit the centaur.
The centaur is lightly wounded.
The shadow imp hits you.
Your adder bites the ooze but does no damage.
The centaur hits you!
* * * LOW HITPOINT WARNING * * *
The ooze closely misses you.
The centaur wields an uncursed shortbow.
The centaur shoots an arrow.
The arrow misses your adder. The arrow misses you.
Your adder bites the ooze.
The ooze dies!
You see here an arrow.
Unknown command.
You bite the shadow imp!
The shadow imp is almost dead.
Your adder completely misses the centaur.
The centaur shoots an arrow.
The arrow barely misses your adder. The arrow hits you!
You die...
Your body crumbles into a pile of gold.

## ##.. #######..
......... .# #.#.
>.......# .# # #.#.
........## .#.#.#.
.......$c## #.#.#.#
......#5S.###...#.##
#.... ##s..##......#
.... ##..........#
.....## ##.........#
## #...###..(.#....#
#.......####..##
###.....# #..#
###...# #..# #....#
#..# ## .....## #..#
##.


You could see a centaur, a shadow imp and a friendly adder.

Vanquished Creatures
  A hornet (D:5)
  A troll (D:4)
  2 ogres
  A centaur (D:5)
  A bullfrog (Sewer)
  2 howler monkeys (D:4)
  A crimson imp (D:3)
  4 iguanas
  An orc wizard (D:5)
  5 worker ants
  3 gnolls (D:5)
  12 adders
  2 shadow imps
  5 worms
  8 leopard geckos
  7 orcs
  4 ball pythons
  7 giant cockroaches
  6 goblins
  6 hobgoblins
  2 jackals (D:2)
  2 quokkas
  6 bats
  11 frilled lizards
  A jackal skeleton (D:6)
  9 kobolds
  A leopard gecko skeleton (D:4)
  A quokka skeleton (D:4)
  10 rats
122 creatures vanquished.

Vanquished Creatures (collateral kills)
  An ogre (D:4)
  A jelly (D:4)
  An ooze (D:6)
  An orc (D:5)
4 creatures vanquished.

Grand Total: 126 creatures vanquished

Notes
Turn   | Place    | Note
-------+----------+-------------------------------------------
     0 | D:1      | tsouns the Octopode Transmuter began the quest for the Orb.
     0 | D:1      | Reached XP level 1. HP: 13/13 MP: 3/3
   238 | D:1      | Reached XP level 2. HP: 17/18 MP: 5/5
   856 | D:1      | Reached skill level 4 in Unarmed Combat
  1070 | D:2      | Reached XP level 3. HP: 21/23 MP: 6/6
  1078 | D:2      | Learned a level 2 spell: Sticks to Snakes
  1082 | D:2      | Learned a level 3 spell: Spider Form
  1284 | D:2      | Reached XP level 4. HP: 26/28 MP: 1/7
  1343 | D:2      | Found an opulent altar of Gozag.
  1351 | D:2      | Became a worshipper of Gozag Ym Sagoz the Greedy
  1411 | D:2      | Reached skill level 5 in Unarmed Combat
  1855 | D:2      | Found a hide-covered altar of Uskayaw.
  2287 | D:3      | Reached XP level 5. HP: 25/33 MP: 6/8
  2386 | D:3      | Found a glowing drain.
  2398 | Sewer    | Entered a sewer
  2787 | D:3      | Reached XP level 6. HP: 41/41 MP: 10/10
  2939 | D:4      | Reached skill level 1 in Shields
  3090 | D:4      | Found a large runed door.
  3090 | D:4      | Found a large runed door.
  3383 | D:4      | Learned a level 4 spell: Ice Form
  4186 | D:4      | Found a large runed door.
  4187 | D:4      | Found a large runed door.
  4265 | D:4      | Reached XP level 7. HP: 45/45 MP: 4/11
  4553 | D:4      | Noticed a troll
  4564 | D:4      | Killed a troll
  4789 | D:4      | Reached XP level 8. HP: 7/51 MP: 5/14
  5194 | D:5      | Entered Level 5 of the Dungeon
  5306 | D:5      | Found a shattered altar of Ashenzari.
  5686 | D:5      | Noticed a hornet
  5901 | D:5      | Killed a hornet
  5901 | D:5      | Reached skill level 6 in Unarmed Combat
  5948 | D:5      | Learned a level 5 spell: Blade Hands
  6130 | D:6      | Found a staircase to the Ecumenical Temple.
  6298 | D:6      | Shot with an arrow by a centaur

Vault maps used:
D:1:      shiori_arrival_maze
D:2:      grunt_gozag_statues, lemuel_round_altar, due_unseen_surprise
D:3:      first_bread, portal_sewer_entry_d
D:4:      minmay_hollow_rounded_squares
D:5:      marbit_many_paths
D:6:      minivault_23
Sewer:    sewer_frog_island_01

Skill      XL: |  1  2  3  4  5  6  7  8 |
---------------+-------------------------+-----
Unarmed Combat | 4 5 6 |  6.3
Fighting       | 2 3 |  3.9
Shields        | 3 4 |  4.1
Spellcasting   | 3 4 |  4.7
Transmutations | 3 4 |  4.6
Dodging        | |  2.0
Ice Magic      | |  0.6
Poison Magic   | |  0.8

Action                   |  1- 3 |  4- 6 |  7- 9 || total
-------------------------+-------+-------+-------++-------
Melee: Unarmed           |    73 |   143 |   118 ||   334
       Constrict         |    20 |    30 |    20 ||    70
       Tentacles         |    10 |    22 |    23 ||    55
       Punch             |     1 |     7 |     1 ||     9
       Kick              |     1 |       |       ||     1
Throw: Stone             |       |     8 |     4 ||    12
 Cast: Beastly Appendage |     3 |       |       ||     3
       Spider Form       |     1 |     3 |     5 ||     9
       Sticks to Snakes  |       |     3 |     9 ||    12
  Use: Scroll            |       |     9 |     4 ||    13
       Potion            |       |       |     2 ||     2
 Stab: Sleeping          |     3 |     6 |     4 ||    13
       Distracted        |       |     1 |       ||     1
  Eat: Chunk             |     2 |     1 |       ||     3
       Pizza             |       |     2 |       ||     2
       Bread ration      |       |     1 |       ||     1
       Meat ration       |       |     1 |     1 ||     2
       Royal jelly       |       |       |     1 ||     1
Armor: Skin              |     3 |     5 |     5 ||    13
Dodge: Dodged            |    37 |    64 |    73 ||   174
Block: Buckler           |       |    11 |    20 ||    31
